 Dungeon Crawl Stone Soup version 0.20.0-8-g6b59dc7 (webtiles) character file.

21 MTVSty1e the Ruffian (level 2, -1/24 HPs)
             Began as a Draconian Transmuter on June 1, 2017.
             Slain by a goblin
             ... wielding a cursed -1 club
             ... led by Robin
              (3 damage)
             ... on level 2 of the Dungeon.
             The game lasted 00:01:46 (1057 turns).

MTVSty1e the Ruffian (Draconian Transmuter)         Turns: 1057, Time: 00:01:47

Health: -1/24      AC:  6    Str: 12    XL:     2   Next: 62%
Magic:  5/5        EV: 12    Int: 13    God:
Gold:   94         SH:  0    Dex: 11    Spells: 2/5 levels left

rFire    . . .     SeeInvis .     - Unarmed
rCold    . . .     Gourm    .   (no shield)
rNeg     . . .     Faith    .   (armour unavailable)
rPois    .         Spirit   .   (helmet restricted)
rElec    .         Reflect  .   (no cloak)
rCorr    .         Harm     .   i - +1 pair of gloves
MR       .....                  (no boots)
Stlth    +.........             (no amulet)
Regen    0.1/turn               (no ring)
MPRegen  0.1/turn               (no ring)

@: about to teleport, drained
A: unfitting armour, horns 1, stinger 1, cold-blooded, AC +4
a: no special abilities


You were on level 2 of the Dungeon.
You were not hungry.

You visited 1 branch of the dungeon, and saw 2 of its levels.

You collected 94 gold pieces.

Inventory:

Missiles
 a - 12 arrows
Armour
 i - a +1 pair of gloves (worn)
Scrolls
 d - a scroll of identify
 h - a scroll of teleportation
Potions
 e - a potion of mutation
 f - a potion of degeneration {unknown}
 g - a potion of flight {unknown}
 j - a potion of curing {unknown}
Books
 b - a book of Changes

   Spells                             Type                      Level
   a - Beastly Appendage              Transmutation                1
   b - Sticks to Snakes               Transmutation                2
   c - Spider Form                    Transmutation/Poison         3
   d - Ice Form                       Ice/Transmutation            4
   e - Blade Hands                    Transmutation                5
Comestibles
 c - a bread ration


   Skills:
 + Level 1.8(1.4) Fighting
 - Level 1.7(1.3) Dodging
 * Level 3.7(3.2) Unarmed Combat
 - Level 2.0(1.6) Spellcasting
 - Level 2.0(1.6) Transmutations


You had 2 spell levels left.
You knew the following spells:

 Your Spells              Type           Power        Failure   Level  Hunger
a - Beastly Appendage     Tmut           #.....       14%         1    ##.....
b - Sticks to Snakes      Tmut           #.......     21%         2    ###....


Dungeon Overview and Level Annotations

Branches:
Dungeon (2/15)

Altars:

Annotations:
D:2 Robin, Sigmund


Innate Abilities, Weirdness & Mutations

Your plain brown scales are hard. (AC +4)
You cannot fit into any form of body armour.
You are cold-blooded and may be slowed by cold attacks.
You have a pair of small horns on your head.
Your tail ends in a poisonous barb.


Message History

The goblin hits you but does no damage.
The goblin drinks a potion.
The goblin suddenly seems more agile.
The hobgoblin closely misses you. The kobold hits you with a dagger.
Unknown command.
You barely miss the goblin. You headbutt the goblin.
The goblin is severely wounded.
The bat hits you but does no damage. The bat misses you.
The bat completely misses you. The goblin hits you but does no damage.
Sigmund hits you from afar with a scythe!
* * * LOW HITPOINT WARNING * * *
The goblin closely misses you. The hobgoblin completely misses you.
The kobold closely misses you.
Robin roars a battlecry!
The goblins go into a battle-frenzy!
A goblin comes into view.
The goblin shouts!
The bat barely misses you. The goblin misses you.
The goblin moves out of view.
The goblin closely misses you. Robin throws the goblin at you!
The bat completely misses you. The goblin hits you with a club.
You die...

### .... ....########
...........#
...........######.
...........#......
.................
......g@g@....... #
...g?..g.K...###...#
.......g.b.........#.
.......gg..(####.....
..####g...†..........
. #...#..###<....##.
...##...# ####..#
#.g<..#.. .#
..###....# ..


You could see Sigmund, Robin, 2 hobgoblins, 5 goblins, a bat and a kobold.

Vanquished Creatures
  An ooze (D:1)
  A dart slug (D:1)
  A leopard gecko (D:1)
  2 goblins (D:2)
  2 hobgoblins (D:1)
  2 frilled lizards (D:1)
  3 kobolds (D:1)
  3 rats (D:1)
15 creatures vanquished.

Notes
Turn   | Place    | Note
-------+----------+-------------------------------------------
     0 | D:1      | MTVSty1e the Draconian Transmuter began the quest for the Orb.
     0 | D:1      | Reached XP level 1. HP: 16/16 MP: 3/3
   409 | D:1      | Reached XP level 2. HP: 23/23 MP: 3/5
  1005 | D:1      | Learned a level 2 spell: Sticks to Snakes
  1046 | D:2      | Noticed Sigmund
  1047 | D:2      | Noticed Robin
  1052 | D:2      | Gained mutation: You have a pair of small horns on your head. [potion of mutation]
  1052 | D:2      | Gained mutation: Your tail ends in a poisonous barb. [potion of mutation]
  1057 | D:2      | Slain by a goblin

Action                   || total
-------------------------++-------
Melee: Unarmed           ||    53
       Headbutt          ||     4
       Tailslap          ||     2
       Kick              ||     2
       Punch             ||     1
 Cast: Beastly Appendage ||     6
  Use: Scroll            ||     2
       Potion            ||     1
  Eat: Bread ration      ||     1
Armor: Skin              ||    20
Dodge: Dodged            ||    57
